 Seeded DCSS version 0.31-a0-208-gdb31a4691d (webtiles) character file.

Game seed: 10414033630809901341 (custom seed)

680 innerfire43 the Trooper (level 7, -3/59 HPs)
             Began as a Demonspawn Monk on June 28, 2023.
             Was a Priest of Wu Jian.
             Slain by a gnoll bouda
             ... wielding a +0 club
              (7 damage)
             ... on level 3 of the Dungeon.
             The game lasted 00:03:53 (2928 turns).

innerfire43 the Trooper (Demonspawn Monk)           Turns: 2928, Time: 00:03:54

Health: -3/59      AC:  3    Str: 14    XL:     7   Next: 34%
Magic:  7/7        EV: 14    Int: 11    God:    Wu Jian [***...]
Gold:   149        SH:  5    Dex: 15    Spells: 6/6 levels left

rFire   . . .        n - +9 great sword of Sewiefups {heavy, Stlth+}
rCold   . . .        (shield currently unavailable)
rNeg    . . .        b - +0 robe
rPois   .            (no helmet)
rElec   .            (no cloak)
rCorr   .            j - +0 pair of gloves
SInv    .            (no boots)
Will    .....        m - amulet of reflection
Stlth   ++           h - +4 ring of slaying
HPRegen 0.29/turn    (no ring)
MPRegen 0.10/turn

%: reflection
@: weakened
A: hooves 2, demonic guardian 2, weakness stinger 1
a: Renounce Religion, Wall Jump, Serpent's Lash


You were on level 3 of the Dungeon.
You worshipped Wu Jian.
Wu Jian was most pleased with you.
You visited 1 branch of the dungeon, and saw 4 of its levels.
You visited the Abyss 1 time.

You collected 149 gold pieces.

Inventory:

Hand Weapons
 a - a +0 falchion
 n - the +9 great sword of Sewiefups (weapon) {heavy, Stlth+}
   (You found it on level 2 of the Dungeon)

   Stlth:     It makes you more stealthy.
Armour
 b - a +0 robe (worn)
 d - an orb of light
 j - a +0 pair of gloves (worn)
Jewellery
 h - a +4 ring of slaying (left hand)
 m - an amulet of reflection (around neck)
 r - a ring of positive energy
Wands
 s - a wand of flame (22)
Scrolls
 e - 3 scrolls of identify {unknown}
 g - 4 scrolls of teleportation {unknown}
 i - 3 scrolls of revelation {unknown}
 k - a scroll of blinking {unknown}
 l - a scroll of fog {unknown}
 o - 2 scrolls of immolation {unknown}
 q - 2 scrolls of fear {unknown}
Potions
 c - 2 potions of ambrosia
 f - 2 potions of heal wounds {unknown}
 p - 2 potions of curing {unknown}


   Skills:
 * Level 6.4 Fighting
 + Level 4.5 Long Blades
 + Level 4.5 Dodging


You had 6 spell levels left.
You didn't know any spells.
Your spell library was empty.

Dungeon Overview and Level Annotations

Branches:
Dungeon (4/15)
 Temple: D:4-7

Altars:
Wu Jian


Innate Abilities, Weirdness & Mutations

You have hoof-like feet.
A demonic guardian rushes to your aid.
You have a small tail.


Message History

The gnoll barely misses you.
The gnoll hits you from afar with a +0 spear. x2
The gnoll hits you from afar with a +0 spear!
A demonic guardian appears!
You can move again.
There is a stone staircase leading up, spattered with blood here.
The gnoll misses you. You block the gnoll's attack.
The gnoll bouda hits you with a +0 club.
The gnoll closely misses you. You block the gnoll's attack.
The gnoll hits you from afar with a +0 spear.
Your orange demon closely misses the gnoll.
Your orange demon hits the gnoll.
The gnoll looks weaker.
You climb upwards.
There is a stone staircase leading down here.
You slash the gnoll!
You kill the gnoll!
The Council accepts your kill.
The gnoll bouda hits you with a +0 club!
The gnoll hits you with a +0 flail.
* * * LOW HITPOINT WARNING * * *
The gnoll bouda gazes fiercely through you!
You feel as though you will be weak longer.
The gnoll bouda misses you. The gnoll barely misses you.
The gnoll bouda closely misses you.
You completely miss the gnoll. You block the gnoll's attack.
The gnoll bouda gazes fiercely through you!
You feel as though you will be weak longer.
The gnoll bouda barely misses you. The gnoll closely misses you.
The gnoll bouda gazes fiercely through you!
You feel as though you will be weak longer.
The gnoll bouda hits you with a +0 club.
* * * LOW HITPOINT WARNING * * *
The gnoll closely misses you.
You slice the gnoll!!
You kill the gnoll!
The Council accepts your kill.
The gnoll bouda hits you with a +0 club!
* * * LOW HITPOINT WARNING * * *
The gnoll bouda hits you with a +0 club!
You die...

#......# ######...#<#
...........#
#######.#### #.# #.#
#.# ######## #.#
#)g....# #######.#
#@####.# .#.8.##.# #)#
#.#
.....#..########.####.#
.#...#..##.........##.#
###.##..##.#####.#.##.#
.#...#...#.# #.#.##.#
.#8..'.....# #......#
.#...#...### ###.####
#######.## #.#


You could see a gnoll bouda.

Vanquished Creatures
  A smoke demon (Abyss:1)
  The ghost of brknglss the Covert, an amateur GnWn (D:3)
  A kobold brigand (D:3)
  A jelly (D:3)
  Terence (D:2)
  2 gnolls (D:3)
  4 adders
  2 worms
  3 dart slugs
  6 orcs (D:3)
  6 endoplasms
  A giant cockroach (D:1)
  8 goblins
  5 hobgoblins
  7 jackals
  12 kobolds
  4 quokkas
  6 ball pythons
  8 bats
  4 frilled lizards
  5 rats
88 creatures vanquished.

Vanquished Creatures (collateral kills)
  An orc (D:3)
  A ball python (D:1)
  A goblin (D:2)
3 creatures vanquished.

Grand Total: 91 creatures vanquished

Notes
Turn   | Place    | Note
-------+----------+-------------------------------------------
     0 | D:1      | innerfire43 the Demonspawn Monk began the quest for the
                  | Orb.
     0 | D:1      | Reached XP level 1. HP: 18/18 MP: 1/1
   127 | D:1      | Gained mutation: A weak demonic guardian rushes to your
                  | aid. [demonic ancestry]
   127 | D:1      | Reached XP level 2. HP: 24/24 MP: 2/2
   557 | D:1      | Discovered your monstrous ancestry.
   557 | D:1      | Gained mutation: You have large cloven feet. [demonic
                  | ancestry]
   557 | D:1      | Reached XP level 3. HP: 29/29 MP: 3/3
   832 | D:2      | Identified the +9 great sword of Sewiefups {heavy, Stlth+}
  1008 | D:2      | Noticed Terence
  1015 | D:2      | Killed Terence
  1016 | D:2      | Reached skill level 4 in Fighting
  1016 | D:2      | Gained mutation: You have hoof-like feet. [demonic
                  | ancestry]
  1016 | D:2      | Reached XP level 4. HP: 6/37 MP: 4/4
  1629 | D:3      | You fall into a shaft and drop 1 floor!
  1783 | D:3      | Found a faded altar of an unknown god.
  1869 | D:3      | Prayed at the altar of an unknown god.
  1869 | D:3      | Became a worshipper of the Wu Jian Council
  1869 | D:3      | Reached * piety under Wu Jian
  1869 | D:3      | Reached ** piety under Wu Jian
  1915 | D:3      | Reached XP level 5. HP: 43/43 MP: 5/5
  2198 | D:3      | Reached *** piety under Wu Jian
  2308 | D:3      | Found a runed translucent gate.
  2308 | D:3      | Found a runed translucent gate.
  2308 | D:3      | Found a runed translucent gate.
  2311 | D:3      | Noticed brknglss's ghost (amateur GnWn)
  2470 | D:3      | Found an ornate altar of the Wu Jian Council.
  2568 | D:3      | Reached skill level 5 in Fighting
  2568 | D:3      | Gained mutation: You have a small tail. [demonic ancestry]
  2568 | D:3      | Reached XP level 6. HP: 28/51 MP: 6/6
  2573 | D:3      | Killed brknglss's ghost
  2574 | Abyss:1  | Cast into level 1 of the Abyss (kobold)
  2645 | Abyss:1  | Noticed a smoke demon
  2649 | Abyss:1  | Killed a smoke demon
  2649 | Abyss:1  | Noticed a large abomination
  2650 | Abyss:1  | Reached skill level 6 in Fighting
  2650 | Abyss:1  | Gained mutation: A demonic guardian rushes to your aid.
                  | [demonic ancestry]
  2650 | Abyss:1  | Reached XP level 7. HP: 18/59 MP: 7/7
  2665 | D:3      | Escaped the Abyss
  2921 | D:4      | Paralysed by a gnoll for 3 turns
  2928 | D:3      | Slain by a gnoll bouda

Illustrated notes

Levels and vault maps discovered:
D:1:      heliophobic_arrival_henge, layout_basic
D:2:      layout_rooms, uniq_terence
D:3:      layout_loops_corners, mainiacjoe_overflow_cross_hatched,
          nicolae_wu_jian_immortal_techniques, gammafunk_ghost_nasty_kobolds,
          shapermc_ecumenical_altar_flowoftime
D:4:      layout_rooms, minmay_temple_entry_glassed_door

Skill      XL: |  1  2  3  4  5  6 |
---------------+-------------------+-----
Long Blades    | 3 4 |  4.5
Dodging        | 3 4 |  4.5
Fighting       | 4 5 6 |  6.4

Action                     |  1- 3 |  4- 6 |  7- 9 || total
---------------------------+-------+-------+-------++-------
  Melee: Falchion          |    65 |       |       ||    65
         Great sword       |    18 |    79 |     7 ||   104
         Kick              |     7 |    19 |     1 ||    27
Ability: Whirlwind         |       |     2 |       ||     2
   Stab: Sleeping          |     1 |     8 |       ||     9
 Armour: Robe              |    18 |    21 |     2 ||    41
  Dodge: Dodged            |    66 |    60 |    17 ||   143
  Block: Other             |    12 |    22 |     5 ||    39
         Reflection        |       |     2 |       ||     2

Table legend: (Time is in decaauts)
 A = Elapsed time spent in this place.
 B = Non-inter-level travel time spent in this place.
 C = Inter-level travel time spent in this place.
 D = Time resting spent in this place.
 E = Time spent auto-exploring this place.
 F = Levels seen in this place.
 G = Mean time per level.
                   A        B        C        D        E       F      G
               +--------+--------+--------+--------+--------+-----+--------+
         Total |   3066 |   2856 |    210 |      0 |   2155 |   5 |  613.2 |
       Dungeon |   2971 |   2761 |    210 |      0 |   2086 |   4 |  742.8 |
         Abyss |     95 |     95 |      0 |      0 |     69 |   1 |   95.0 |
               +--------+--------+--------+--------+--------+-----+--------+

Top non-repeatable levels by time:
     D:3: 1423 daAuts
     D:1: 832 daAuts
     D:2: 668 daAuts
 Abyss:1: 95 daAuts
     D:4: 46 daAuts
